 Dungeon Crawl Stone Soup version bcrawl-1.20.1 (webtiles) character file.

Game seed: 15733473917936177401

16571 MisterOstroum the Fighter (level 12, -9/100 HPs)
             Began as a Gnoll Wanderer on Jan 23, 2020.
             Was the Champion of Okawaru.
             Mangled by a cane toad (44 damage)
             ... on level 3 of the Lair of Beasts.
             The game lasted 00:25:24 (11612 turns).

MisterOstroum the Fighter (Gnoll Wanderer)         Turns: 11612, Time: 00:25:24

Health: -9/100     AC: 32    Str: 22    XL:     12   Next: 38%
Magic:  22/22      EV:  5    Int: 16    God:    Okawaru [******]
Gold:   703        SH:  0    Dex: 15    Spells: 25/25 levels left

rFire    + . .     SeeInvis .   b - +3 trident (distort)
rCold    + . .     Gourm    .   u - +0 shield
rNeg     . . .     Faith    +   R - +1 crystal plate armour
rPois    .         Spirit   .   t - +2 helmet
rElec    +         Reflect  .   n - +2 cloak
rCorr    +         Harm     .   j - +3 pair of gloves "Zime" {rElec rF+ Str+4}
MR       .....                  k - +1 pair of boots
Stlth    ..........             r - amulet of faith
HPRegen  0.26/turn              q - ring of resist corrosion
MPRegen  0.18/turn              h - ring of protection from cold

@: sleeping
A: distributed training, fangs 1, strong nose
a: Heroism, Finesse, Renounce Religion


You were on level 3 of the Lair of Beasts.
You worshipped Okawaru.
Okawaru was exalted by your worship.
You were not hungry.

You visited 2 branches of the dungeon, and saw 11 of its levels.
You also visited: Gauntlet.

You collected 703 gold pieces.

Inventory:

Hand Weapons
 a - a +1 eveningstar of protection
 b - a +3 trident of distortion (weapon)
 g - a +0 executioner's axe
Missiles
 d - 50 tomahawks
 p - 201 javelins (quivered)
 N - 142 stones
Armour
 j - the +3 pair of gloves "Zime" (worn) {rElec rF+ Str+4}
   (You found it in a Gauntlet)

   It affects your strength (+4).
   It protects you from fire.
   It insulates you from electricity.
 k - a +1 pair of boots (worn)
 n - a +2 cloak (worn)
 t - a +2 helmet (worn)
 u - a +0 shield (worn)
 P - a +0 hat of magic resistance
 R - a +1 crystal plate armour (worn)
Jewellery
 h - a ring of protection from cold (right hand)
 q - a ring of resist corrosion (left hand)
 r - an amulet of faith (around neck)
 x - an uncursed ring of fire
Wands
 v - a wand of digging (7)
 L - a wand of flame (11)
 O - a wand of iceblast (4)
Scrolls
 c - 6 scrolls of teleportation {@r3 !r}
 f - a scroll of immolation {unknown}
 m - 3 scrolls of remove curse {@r2}
 s - 3 scrolls of fear {!r}
 w - 2 scrolls of fog {unknown}
 y - 3 scrolls of blinking {@r4}
 G - a scroll of amnesia {unknown}
 I - 2 scrolls of magic mapping
 J - a scroll of noise {unknown}
Potions
 i - a potion of might {@q3 !q}
 l - a potion of degeneration {unknown}
 o - 2 potions of resistance
 z - 2 potions of heal wounds
 A - a potion of curing {@q1 !q}
 B - a potion of berserk rage
 C - a potion of flight
 D - 2 potions of lignification {@q6}
 E - 3 potions of mutation
 F - a potion of ambrosia
 H - 2 potions of haste {@q4 !q}
Comestibles
 e - 22 rations {!d}


   Skills:
 + Level 11.0 Fighting
 + Level 7.1 Short Blades
 + Level 7.1 Long Blades
 + Level 7.1 Axes
 + Level 7.1 Maces & Flails
 + Level 7.1 Polearms
 + Level 7.1 Staves
 + Level 7.1 Slings
 + Level 7.6 Bows
 + Level 7.1 Crossbows
 + Level 8.5 Throwing
 + Level 7.1 Armour
 + Level 7.1 Dodging
 + Level 7.1 Stealth
 + Level 7.1 Shields
 + Level 7.1 Unarmed Combat
 + Level 7.1 Spellcasting
 + Level 5.9 Conjurations
 + Level 5.9 Hexes
 + Level 6.3 Charms
 + Level 5.9 Summonings
 + Level 5.9 Necromancy
 + Level 5.9 Translocations
 + Level 5.9 Transmutations
 + Level 5.9 Fire Magic
 + Level 5.9 Ice Magic
 + Level 7.1 Air Magic
 + Level 5.9 Earth Magic
 + Level 5.9 Poison Magic
 + Level 7.8 Invocations
 + Level 7.1 Evocations


You had 25 spell levels left.
You didn't know any spells.
Your spell library contained the following spells:

 Spells                   Type           Power        Failure   Level  Hunger
 Beastly Appendage        Tmut           ###...       97%         1    None
 Corona                   Hex            ###....      97%         1    None
 Flame Tongue             Conj/Fire      ###..        97%         1    None
 Freeze                   Ice            ###...       97%         1    None
 Sandblast                Erth           ###...       97%         1    None
 Ensorcelled Hibernation  Hex/Ice        ###...       99%         2    None
 Flaming Arrows           Chrm/Fire      ####....     99%         2    None
 Passwall                 Tmut/Erth      ###.....     99%         2    None
 Sticks to Snakes         Tmut           ###.....     99%         2    None
 Throw Frost              Conj/Ice       ###...       99%         2    None
 Confuse                  Hex            ###.....     100%        3    ##.....
 Conjure Flame            Conj/Fire      ###.....     100%        3    ##.....
 Dazzling Spray           Conj/Hex       ###...       100%        3    ##.....
 Inner Flame              Hex/Fire       N/A          100%        3    ##.....
 Ozocubu's Armour         Chrm/Ice       ####....     100%        3    ##.....
 Spider Form              Tmut/Pois      ###          100%        3    ##.....
 Stone Arrow              Conj/Erth      ###...       100%        3    ##.....
 Tukima's Dance           Hex            ###.....     100%        3    ##.....
 Ice Form                 Ice/Tmut       ###.....     100%        4    ####...
 Petrify                  Tmut/Erth      ###.....     100%        4    ####...
 Sticky Flame             Conj/Fire      ###.....     100%        4    ####...
 Summon Ice Beast         Ice/Summ       ###.....     100%        4    ####...
 Throw Icicle             Conj/Ice       ###.....     100%        4    ####...
 Blade Hands              Tmut           ###.......   100%        5    #####..
 Fireball                 Conj/Fire      ###.......   100%        5    #####..
 Lee's Rapid Deconstruct  Erth           ###.......   100%        5    #####..
 Tree Form                Hex/Tmut       N/A          100%        5    #####..
 Statue Form              Tmut/Erth      ###......    100%        6    #######
 Dragon Form              Tmut           ###....      100%        7    #######
 Necromutation            Tmut/Necr      ###.....     100%        8    #######


Dungeon Overview and Level Annotations

Branches:
Dungeon (8/12)             Temple (0/1) D:7            Lair (3/6) D:7
  Snake (0/3) Lair:2
  Swamp: Lair:2-4    Shoals: Lair:2-4       Orc: D:8-11

Altars:
Ashenzari
Fedhas
Hepliaklqana
Kikubaaqudgha
Makhleb
Okawaru
Uskayaw
Zin

Annotations:
D:7 Joseph
Lair:2 3 runed translucent doors, Banto's ghost, journeyman OpTm


Innate Abilities, Weirdness & Mutations

Your experience applies equally to all skills.
You have very sharp teeth.
Your uncanny sense of smell can sniff out nearby items.


Message History

No target in view!
You start resting.
You feel like a meek peon again.
The catoblepas is too close now for your liking.
A catoblepas is nearby!
A catoblepas is nearby!
The catoblepas breathes a plume of calcifying dust at you.
The blast of calcifying dust hits you!
No path to travel!
The catoblepas breathes a plume of calcifying dust at you.
The blast of calcifying dust hits you!
No path to travel!
Throwing (i - inventory. (/) - cycle)
p - 202 javelins (quivered)
Press: ? - help, Shift-Dir - straight line, f - catoblepas
Aim: a catoblepas (calcifying dust, severely wounded)
You throw a javelin. The javelin hits the catoblepas!!
The catoblepas is almost dead.
The catoblepas breathes a plume of calcifying dust at you.
The blast of calcifying dust hits you!
No path to travel!
No path to travel!
You hit the catoblepas but do no damage.
The catoblepas is almost dead.
The catoblepas disappears!
No target in view!
Some of the chunks of flesh in your inventory have rotted away.
HP restored.
You open the door.
There is an open door here.
A - a grey potion
Found a stone staircase leading up.
As you open the door, it creaks loudly!
You hear a loud, deep croak!
All of the chunks of flesh in your inventory have rotted away.
A cane toad comes into view.
The cane toad gives a loud, deep croak!
Found a scroll of identify.
There is an open door here.
A cane toad is nearby!
You hit the cane toad.
Space bends around the cane toad.
The cane toad is lightly wounded.
The cane toad hits you but does no damage.
You hit the cane toad.
Space bends around the cane toad.
The cane toad is moderately wounded.
The cane toad hits you! You block the cane toad's attack.
You hit the cane toad but do no damage.
Space bends around the cane toad.
The cane toad is heavily wounded.
You block the cane toad's attack.
You hit the cane toad.
Space bends around the cane toad.
You bite the cane toad, but do no damage.
The cane toad is severely wounded.
The cane toad hits you but does no damage.
Your crystal plate armour prevents you from hitting the cane toad.
The cane toad is severely wounded.
You block the cane toad's attack.
Your crystal plate armour prevents you from hitting the cane toad.
The cane toad is severely wounded.
The cane toad hits you but does no damage.
The cane toad hits you.
You hit the cane toad but do no damage.
The cane toad looks slightly unstable.
The cane toad is severely wounded.
The cane toad hits you but does no damage.
You completely miss the cane toad.
The cane toad is severely wounded.
The cane toad hits you but does no damage.
You puncture the cane toad!
The cane toad is almost dead.
The cane toad blinks!
The cane toad disappears!
No target in view!
No target in view!
No target in view!
Found a blossoming altar of Fedhas.
e - 22 rations {!d} (gained 1) No target in view!
No target in view!
K - a scroll of identify {@r1}
As you read the scroll of identify {@r1}, it crumbles to dust.
A - a potion of curing A dream sheep comes into view.
The dream sheep bleats!
You hear a bleat!
A dream sheep comes into view. x2
There are monsters nearby!
A dream sheep comes into view.
The dream sheep bleats! x2
The dream sheep are wreathed in dream dust.
You feel drowsy...
You fall asleep.
A dream sheep comes into view. x2; A cane toad comes into view.
The dream sheep bleats! x2; The cane toad croaks.
A dream sheep comes into view.
The dream sheep bites you!!
You wake up.
The dream sheep bites you but does no damage.
There is a blossoming altar of Fedhas, spattered with blood here.
The dream sheep are wreathed in dream dust.
You feel drowsy...
You fall asleep.
The cane toad hits you!!!
You wake up.
You block the dream sheep's attack. You block the cane toad's attack.
The dream sheep bites you but does no damage.
The dream sheep shake their wool and sparkle.
You feel drowsy...
You fall asleep.
The cane toad hits you!!!
You die...

## #.##.#
########...#.# .###
#............. ..
....##.............
...
#...+..YY.........
...#
#P..YF@.P......
....#
###.YY###'P####.
.....##P..Y.# #.##
....#...Y.Y.# #.#
#........# #.#
##.._..#####.#
#.......$.# #..#
..........# ###.#
........#.# #...#


You could see a cane toad and 5 dream sheep.

Vanquished Creatures
  A minotaur (Gauntlet)
  2 hydras
  A two-headed ogre (D:8)
  A tengu warrior (Gauntlet)
  Pikel (D:7)
  2 cane toads
  2 rime drakes
  3 komodo dragons
  A tengu conjurer (Gauntlet)
  4 hippogriffs
  3 blink frogs (Lair:2)
  A centaur simulacrum (Gauntlet)
  2 redbacks (Gauntlet)
  17 yaks
  A hungry ghost (D:8)
  6 nagas (Lair:2)
  7 water moccasins
  9 crocodiles
  5 porcupines (Lair:1)
  3 slaves (D:7)
  2 orc warriors
  2 ice beasts
  A sky beast (D:6)
  An eye of draining (D:6)
  A phantom (D:7)
  2 centaurs
  6 ogres
  2 big kobolds (D:7)
  3 bullfrogs
  A scorpion (D:8)
  A wyvern skeleton (D:7)
  12 killer bees
  A howler monkey (D:3)
  7 crimson imps
  Crazy Yiuf (D:5)
  A centaur skeleton (D:4)
  3 hounds
  4 orc priests
  4 iguanas
  2 orc wizards
  7 worker ants
  2 hound skeletons
  6 adders
  2 shadow imps (D:7)
  3 oozes
  3 adder skeletons
  3 worms
  2 dart slugs
  6 leopard geckos
  15 orcs
  3 bats
  5 giant cockroaches
  9 goblins
  4 hobgoblins
  8 jackals
  15 kobolds
  2 quokkas
  4 frilled lizards
  4 rats
  A butterfly (Lair:1)
233 creatures vanquished.

Vanquished Creatures (others)
  5 fungi
  16 plants
21 creatures vanquished.

Grand Total: 254 creatures vanquished

Notes
Turn   | Place    | Note
-------+----------+-------------------------------------------
     0 | D:1      | MisterOstroum the Gnoll Wanderer began the quest for the
                  | Orb.
     0 | D:1      | MisterOstroum set off with the following items: a +2
                  | shortbow, 207 arrows, a scroll of teleportation {@r3 !r},
                  | 93 tomahawks, a ration {!d}, a +0 robe, a +0 dagger
     0 | D:1      | Reached XP level 1. HP: 26/26 MP: 1/1
    80 | D:1      | Reached XP level 2. HP: 33/33 MP: 2/2
   323 | D:1      | Reached XP level 3. HP: 37/38 MP: 3/3
   726 | D:2      | Reached skill level 1 in Invocations
   893 | D:2      | Found a burning altar of Makhleb.
   895 | D:2      | Found a hazy altar of Hepliaklqana.
  1008 | D:2      | Reached skill level 1 in Short Blades
  1008 | D:2      | Reached skill level 1 in Long Blades
  1008 | D:2      | Reached skill level 1 in Axes
  1008 | D:2      | Reached skill level 1 in Maces & Flails
  1008 | D:2      | Reached skill level 1 in Polearms
  1008 | D:2      | Reached skill level 1 in Staves
  1008 | D:2      | Reached skill level 1 in Slings
  1008 | D:2      | Reached skill level 1 in Crossbows
  1008 | D:2      | Reached skill level 1 in Armour
  1008 | D:2      | Reached skill level 1 in Dodging
  1008 | D:2      | Reached skill level 1 in Stealth
  1008 | D:2      | Reached skill level 1 in Shields
  1008 | D:2      | Reached skill level 1 in Unarmed Combat
  1008 | D:2      | Reached skill level 1 in Spellcasting
  1008 | D:2      | Reached skill level 1 in Evocations
  1052 | D:2      | Reached XP level 4. HP: 45/45 MP: 5/5
  1417 | D:3      | Found a shattered altar of Ashenzari.
  1491 | D:2      | Reached skill level 1 in Conjurations
  1491 | D:2      | Reached skill level 1 in Hexes
  1491 | D:2      | Reached skill level 1 in Summonings
  1491 | D:2      | Reached skill level 1 in Necromancy
  1491 | D:2      | Reached skill level 1 in Translocations
  1491 | D:2      | Reached skill level 1 in Transmutations
  1491 | D:2      | Reached skill level 1 in Fire Magic
  1491 | D:2      | Reached skill level 1 in Ice Magic
  1491 | D:2      | Reached skill level 1 in Earth Magic
  1491 | D:2      | Reached skill level 1 in Poison Magic
  1528 | D:3      | Reached XP level 5. HP: 51/51 MP: 6/6
  2226 | D:3      | Found a shattered altar of Ashenzari.
  2759 | D:4      | Noticed an ogre
  2764 | D:4      | Killed an ogre
  2764 | D:4      | Reached XP level 6. HP: 53/57 MP: 8/8
  2788 | D:3      | Reached skill level 5 in Throwing
  2886 | D:4      | Reached XP level 7. HP: 63/63 MP: 10/10
  3038 | D:4      | Found an iron altar of Okawaru.
  3047 | D:4      | Became a worshipper of Warmaster Okawaru
  3326 | D:5      | Entered Level 5 of the Dungeon
  3694 | D:5      | Found a hide-covered altar of Uskayaw.
  3695 | D:5      | Found an ancient bone altar of Kikubaaqudgha.
  3955 | D:5      | Reached * piety under Okawaru
  3987 | D:5      | Found a runed door.
  3991 | D:5      | Noticed Crazy Yiuf
  3995 | D:5      | Killed Crazy Yiuf
  3995 | D:5      | Reached skill level 9 in Fighting
  4002 | D:5      | Got a bone mace
  4125 | D:6      | Reached XP level 8. HP: 71/71 MP: 12/12
  4557 | D:6      | Reached ** piety under Okawaru
  4876 | D:6      | Got a shimmering ring mail
  5000 | D:6      | Noticed a hippogriff
  5192 | D:6      | Killed a hippogriff
  5192 | D:6      | Reached skill level 5 in Air Magic
  5192 | D:6      | Reached XP level 9. HP: 28/77 MP: 11/14
  5537 | D:7      | Identified the +5 ring mail "Nunaom" {Int+4} (You found it
                  | on level 6 of the Dungeon)
  5543 | D:7      | Reached *** piety under Okawaru
  5779 | D:7      | Found a glowing silver altar of Zin.
  5880 | D:7      | Reached skill level 5 in Bows
  5944 | D:7      | Noticed Pikel
  6361 | D:8      | Reached **** piety under Okawaru
  6398 | D:8      | Reached skill level 5 in Invocations
  6459 | D:8      | Noticed a two-headed ogre
  6495 | D:8      | Killed a two-headed ogre
  6495 | D:8      | Reached XP level 10. HP: 68/85 MP: 15/17
  6905 | D:7      | Reached skill level 5 in Short Blades
  6905 | D:7      | Reached skill level 5 in Long Blades
  6905 | D:7      | Reached skill level 5 in Axes
  6905 | D:7      | Reached skill level 5 in Maces & Flails
  6905 | D:7      | Reached skill level 5 in Polearms
  6905 | D:7      | Reached skill level 5 in Staves
  6905 | D:7      | Reached skill level 5 in Slings
  6905 | D:7      | Reached skill level 5 in Crossbows
  6905 | D:7      | Reached skill level 5 in Armour
  6905 | D:7      | Reached skill level 5 in Dodging
  6905 | D:7      | Reached skill level 5 in Stealth
  6905 | D:7      | Reached skill level 5 in Shields
  6905 | D:7      | Reached skill level 5 in Unarmed Combat
  6905 | D:7      | Reached skill level 5 in Spellcasting
  6905 | D:7      | Reached skill level 5 in Evocations
  6922 | D:7      | Reached ***** piety under Okawaru
  7062 | D:7      | Killed Pikel
  7062 | D:7      | Reached skill level 10 in Fighting
  7070 | D:7      | Found a staircase to the Ecumenical Temple.
  7152 | D:7      | Noticed Joseph
  7299 | D:7      | Found a staircase to the Lair.
  7339 | D:7      | Reached skill level 5 in Charms
  7679 | D:7      | Found a glowing silver altar of Zin.
  7942 | D:7      | Found a staircase to the Lair.
  7998 | D:7      | Found a staircase to the Ecumenical Temple.
  8090 | Lair:1   | Entered Level 1 of the Lair of Beasts
  8538 | Lair:1   | Reached XP level 11. HP: 91/91 MP: 17/19
  8556 | Lair:1   | Reached ****** piety under Okawaru
  8610 | Lair:1   | Received a gift from Okawaru
  8949 | Lair:1   | Reached skill level 5 in Conjurations
  8949 | Lair:1   | Reached skill level 5 in Hexes
  8949 | Lair:1   | Reached skill level 5 in Summonings
  8949 | Lair:1   | Reached skill level 5 in Necromancy
  8949 | Lair:1   | Reached skill level 5 in Translocations
  8949 | Lair:1   | Reached skill level 5 in Transmutations
  8949 | Lair:1   | Reached skill level 5 in Fire Magic
  8949 | Lair:1   | Reached skill level 5 in Ice Magic
  8949 | Lair:1   | Reached skill level 5 in Earth Magic
  8949 | Lair:1   | Reached skill level 5 in Poison Magic
  9465 | Lair:2   | Found a runed translucent gate.
  9465 | Lair:2   | Found a runed translucent gate.
  9465 | Lair:2   | Found a runed translucent gate.
  9635 | Lair:2   | Found a staircase to the Snake Pit.
  9774 | Lair:2   | Noticed a four-headed hydra
  9798 | Lair:2   | Killed a four-headed hydra
  9858 | Lair:2   | Received a gift from Okawaru
  9985 | Lair:2   | Received a gift from Okawaru
 10100 | Lair:2   | Reached XP level 12. HP: 97/99 MP: 22/22
 10195 | Lair:2   | Received a gift from Okawaru
 10229 | Lair:2   | Noticed an ice dragon
 10230 | Lair:2   | Noticed Banto's ghost (journeyman OpTm)
 10452 | Lair:3   | Found a gate leading to a gauntlet.
 10464 | Lair:3   | Noticed a seven-headed hydra
 10474 | Gauntlet | Entered a Gauntlet
 10474 | Gauntlet | Found a transporter.
 10474 | Gauntlet | Found a transporter.
 10478 | Gauntlet | Found a transporter.
 10478 | Gauntlet | Found a transporter.
 10491 | Gauntlet | Found a transporter.
 10497 | Gauntlet | Noticed a catoblepas
 10498 | Gauntlet | Found a transporter.
 10508 | Gauntlet | Found a transporter.
 10508 | Gauntlet | Found a transporter.
 10512 | Gauntlet | Found a transporter.
 10527 | Gauntlet | Found a transporter.
 10536 | Gauntlet | Found a transporter.
 10556 | Gauntlet | Found a transporter.
 10603 | Gauntlet | Found a transporter.
 10615 | Gauntlet | Found a transporter.
 10717 | Gauntlet | Found a transporter.
 10730 | Gauntlet | Noticed a tengu warrior
 10731 | Gauntlet | Found a transporter.
 11041 | Gauntlet | Killed a tengu warrior
 11099 | Gauntlet | Got a pair of dazzling gloves
 11111 | Gauntlet | Identified the +3 pair of gloves "Zime" {rElec rF+ Str+4}
                  | (You found it in a Gauntlet)
 11142 | Gauntlet | Noticed a minotaur
 11160 | Gauntlet | Killed a minotaur
 11362 | Lair:3   | Noticed a catoblepas
 11403 | Lair:3   | Killed a seven-headed hydra
 11403 | Lair:3   | Reached skill level 11 in Fighting
 11588 | Lair:3   | Found a blossoming altar of Fedhas.
 11612 | Lair:3   | Mangled by a cane toad

Skill      XL: |  1  2  3  4  5  6  7  8  9 10 11 12 |
---------------+-------------------------------------+-----
Charms         | 2 3 4 5 6 |  6.3
Invocations    | 1 2 3 4 5 6 7 |  7.8
Short Blades   | 1 2 3 4 5 6 7 |  7.1
Long Blades    | 1 2 3 4 5 6 7 |  7.1
Axes           | 1 2 3 4 5 6 7 |  7.1
Maces & Flails | 1 2 3 4 5 6 7 |  7.1
Polearms       | 1 2 3 4 5 6 7 |  7.1
Staves         | 1 2 3 4 5 6 7 |  7.1
Slings         | 1 2 3 4 5 6 7 |  7.1
Crossbows      | 1 2 3 4 5 6 7 |  7.1
Armour         | 1 2 3 4 5 6 7 |  7.1
Dodging        | 1 2 3 4 5 6 7 |  7.1
Stealth        | 1 2 3 4 5 6 7 |  7.1
Shields        | 1 2 3 4 5 6 7 |  7.1
Unarmed Combat | 1 2 3 4 5 6 7 |  7.1
Spellcasting   | 1 2 3 4 5 6 7 |  7.1
Evocations     | 1 2 3 4 5 6 7 |  7.1
Conjurations   | 1 2 3 4 5 |  5.9
Hexes          | 1 2 3 4 5 |  5.9
Summonings     | 1 2 3 4 5 |  5.9
Necromancy     | 1 2 3 4 5 |  5.9
Translocations | 1 2 3 4 5 |  5.9
Transmutations | 1 2 3 4 5 |  5.9
Fire Magic     | 1 2 3 4 5 |  5.9
Ice Magic      | 1 2 3 4 5 |  5.9
Earth Magic    | 1 2 3 4 5 |  5.9
Poison Magic   | 1 2 3 4 5 |  5.9
Bows           | 3 4 5 6 7 |  7.6
Air Magic      | 4 5 6 7 |  7.1
Throwing       | 5 6 7 8 |  8.5
Fighting       | 9 10 11 | 11.0

Action                   |  1- 3 |  4- 6 |  7- 9 | 10-12 || total
-------------------------+-------+-------+-------+-------++-------
Melee: Dagger            |    27 |       |       |       ||    27
       Bite              |    10 |     5 |    27 |    40 ||    82
       Short sword       |    38 |    42 |       |       ||    80
       Trident           |       |    69 |   307 |   453 ||   829
       Punch             |       |     1 |       |       ||     1
       Unarmed           |       |       |     3 |       ||     3
 Fire: Shortbow          |    15 |       |       |       ||    15
Throw: Tomahawk          |    34 |       |    29 |    62 ||   125
       Stone             |       |    24 |    21 |       ||    45
       Javelin           |       |       |       |     1 ||     1
Invok: Heroism           |       |       |     4 |    15 ||    19
       Finesse           |       |       |       |     2 ||     2
  Use: Scroll            |       |     1 |    13 |     8 ||    22
       Potion            |       |       |     1 |     1 ||     2
 Stab: Sleeping          |       |     1 |     2 |     6 ||     9
       Petrified         |       |       |       |     4 ||     4
  Eat: Chunk             |       |     4 |    10 |    11 ||    25
       Ration            |       |     1 |     1 |     2 ||     4
Armor: Robe              |     4 |       |       |       ||     4
       Chain mail        |    28 |    57 |    69 |       ||   154
       Ring mail         |       |       |    53 |    60 ||   113
       Skin              |       |       |    12 |       ||    12
       Plate armour      |       |       |       |    18 ||    18
       Crystal plate arm |       |       |       |    34 ||    34
Dodge: Dodged            |    30 |    37 |    91 |    97 ||   255
Block: Shield            |       |       |   124 |   167 ||   291
